 Dungeon Crawl Stone Soup version 0.31-a0-925-g0a390f2509 (webtiles) character file.

Game seed: 6835842508826395919

143067 croobank the Nimble (level 17, 0/123 HPs)
             Began as a Gnoll Monk on Oct 18, 2023.
             Was an Initiate of Gozag.
             Slain by a radroach (8 damage)
             ... on level 2 of the Spider Nest.
             The game lasted 02:21:58 (30882 turns).

croobank the Nimble (Gnoll Monk)                   Turns: 30882, Time: 02:21:58

Health: 0/123      AC: 16    Str: 12    XL:     17   Next: 36%
Magic:  23/32      EV: 16    Int: 16    God:    Gozag
Gold:   1739       SH: 14    Dex: 12    Spells: 21/39 levels left

rFire   + + +        R - +2 broad axe (spect)
rCold   + . .        y - +2 buckler {rC+}
rNeg    . . .        E - +3 leather armour {Will+}
rPois   +            (no helmet)
rElec   .            A - +2 cloak
rCorr   .            Z - +2 pair of gloves
SInv    .            W - +0 pair of boots
Will    ++...        U - amulet of Untruth {Reflect rF+++ Dex-3 Slay+2 SH+5}
Stlth   +++++        (no ring)
HPRegen 0.40/turn    L - ring of poison resistance
MPRegen 0.23/turn

%: reflection
@: no status effects
A: fangs 1, strong nose, distributed training, frail 1
a: Renounce Religion, Potion Petition, Call Merchant, Bribe Branch


You were on level 2 of the Spider Nest.
You worshipped Gozag.
Gozag was most pleased with you.
You visited 5 branches of the dungeon, and saw 25 of its levels.
You also visited: Ice Cave.

You collected 9117 gold pieces.
You spent 2327 gold pieces at shops.
You paid 5051 gold pieces to Gozag.

Inventory:

Hand Weapons
 a - the +7 spear of Yhockiat {vamp, Str+5 SInv}
   (You took it off a gnoll on level 6 of the Dungeon)

   Str+5:     It affects your strength (+5).
   SInv:      It lets you see invisible.
 b - the +6 sling "Qifem" {freeze, rF+ Str+3 Int+2}
   (You found it on level 9 of the Dungeon)

   Str+3:     It affects your strength (+3).
   Int+2:     It affects your intelligence (+2).
   rF+:       It protects you from fire.
 j - a +3 dagger of electrocution
 Q - a +2 war axe of holy wrath
 R - a +2 spectral broad axe (weapon)
 T - a +3 scimitar of flaming
Missiles
 I - 8 curare-tipped darts
 O - 10 javelins
Armour
 y - a +2 buckler of cold resistance (worn)
 A - a +2 cloak (worn)
 D - a +0 kite shield of cold resistance
 E - a +3 leather armour of willpower (worn)
 W - a +0 pair of boots (worn)
 Z - a +2 pair of gloves (worn)
Jewellery
 f - the ring of Heemaari {Fly AC+4 Str+2 Dex+2}
   (You found it on level 8 of the Dungeon)

   [ring of protection]

   AC+4:      It affects your AC (+4).
   Str+2:     It affects your strength (+2).
   Dex+2:     It affects your dexterity (+2).
   Fly:       It grants you flight.
 h - a ring of resist corrosion
 n - a +5 ring of evasion
 p - the ring of Liufror {Will+ Dex+6}
   (You found it on level 5 of the Lair of Beasts)

   [ring of willpower]

   Dex+6:     It affects your dexterity (+6).
   Will+:     It increases your willpower.
 u - an amulet of regeneration
 z - a +4 ring of slaying
 C - a ring of protection from cold
 L - a ring of poison resistance (right hand)
 M - a ring of ice
 P - a +6 ring of dexterity
 U - the amulet of Untruth (around neck) {Reflect rF+++ Dex-3 Slay+2 SH+5}
   (You bought it in a shop on level 2 of the Lair of Beasts)

   [amulet of reflection]

   Reflect:   It reflects blocked missile attacks.
   Dex-3:     It affects your dexterity (-3).
   Slay+2:    It affects your accuracy & damage with ranged weapons and melee
   (+2).
   rF+++:     It renders you almost immune to fire.
   SH+5:      It affects your SH (+5).
 X - the ring "Qoocitoq" {*Corrode Fly rElec MP+9 EV+5}
   (You bought it in a shop on level 2 of the Lair of Beasts)

   [ring of evasion]

   EV+5:      It affects your evasion (+5).
   rElec:     It insulates you from electricity.
   MP+9:      It affects your magic capacity (+9).
   Fly:       It grants you flight.
   *Corrode:  It may corrode you when you take damage.
 Y - a +6 ring of strength
Wands
 q - a wand of roots (1)
 B - a wand of flame (42)
 K - a wand of paralysis (9)
 S - a wand of light (3)
 V - a wand of mindburst (17)
Scrolls
 d - a scroll of enchant weapon
 i - 4 scrolls of torment
 r - 3 scrolls of fog
 s - 4 scrolls of vulnerability
 t - 8 scrolls of identify
 v - 4 scrolls of revelation
 w - a scroll of blinking
 G - a scroll of immolation
 H - a scroll of poison
 J - a scroll of amnesia
Potions
 c - 10 potions of ambrosia
 e - 3 potions of mutation
 k - 2 potions of resistance
 l - 4 potions of attraction
 m - a potion of brilliance
 o - 2 potions of cancellation
 x - a potion of magic
 F - a potion of might
 N - a potion of enlightenment


   Skills:
 + Level 13.4 Fighting
 + Level 13.4 Short Blades
 + Level 11.8 Long Blades
 + Level 11.8 Axes
 + Level 11.8 Maces & Flails
 + Level 11.8 Polearms
 + Level 11.8 Staves
 + Level 11.8 Ranged Weapons
 + Level 11.8 Throwing
 + Level 11.8 Armour
 + Level 13.4 Dodging
 + Level 11.8 Stealth
 + Level 11.8 Shields
 + Level 11.8 Unarmed Combat
 + Level 11.8 Spellcasting
 + Level 10.0 Conjurations
 + Level 10.0 Hexes
 + Level 10.0 Summonings
 + Level 10.0 Necromancy
 + Level 10.0 Translocations
 + Level 10.0 Transmutations
 + Level 10.0 Fire Magic
 + Level 10.0 Ice Magic
 + Level 10.0 Air Magic
 + Level 10.0 Earth Magic
 + Level 10.0 Poison Magic
 + Level 12.8 Invocations
 + Level 11.8 Evocations
 + Level 10.9 Shapeshifting


You had 21 spell levels left.
You knew the following spells:

 Your Spells              Type           Power      Damage    Failure   Level
a - Stone Arrow           Conj/Erth      82%        3d12      1%          3
b - Iskenderun's Mystic   Conj/Tloc      41%        2d9       1%          4
c - Call Canine Familiar  Summ           41%        N/A       1%          3
d - Summon Guardian Gole  Hex/Summ       41%        N/A       1%          3
e - Summon Lightning Spi  Summ/Air       41%        N/A       1%          4
f - Foxfire               Conj/Fire      100%       2x1d9     1%          1

Your spell library contained the following spells:

 Spells                   Type           Power      Damage    Failure   Level
 Magic Dart               Conj           100%       1d8       1%          1
 Summon Small Mammal      Summ           100%       N/A       1%          1
 Searing Ray              Conj           82%        2d7       1%          2
 Static Discharge         Conj/Air       82%        2-6/arc   1%          2
 Volatile Blastmotes      Fire/Tloc      82%        2d16      1%          3
 Airstrike                Air            20%        2d(3-19)  1%          4
 Animate Armour           Summ/Erth      82%        N/A       1%          4
 Fulminant Prism          Conj/Hex       20%        3d12      1%          4
 Plasma Beam              Fire/Air       20%        2x1d32    28%         6
 Starburst                Conj/Fire      20%        6d7       28%         6
 Lehudib's Crystal Spear  Conj/Erth      20%        10d6      100%        8


Dungeon Overview and Level Annotations

Branches:
Dungeon (15/15)            Temple (1/1) D:6            Lair (5/5) D:8
  Swamp (0/4) Lair:2       Spider (2/4) Lair:2        Slime (0/5) Lair:5
    Orc (2/2) D:11            Elf (0/3) Orc:2        Vaults (0/5) D:14
 Depths (0/4) D:15          IceCv (visited)

Altars:
Ashenzari
Cheibriados
Dithmenos
Elyvilon
Fedhas
Gozag
Hepliaklqana
Kikubaaqudgha
Makhleb
Nemelex Xobeh
Okawaru
Qazlal
Ru
Sif Muna
Trog
Uskayaw
Vehumet
Wu Jian
Xom
Yredelemnul
Zin
The Shining One
Jiyva

Shops:
D:4 (   D:5 (   D:6 [   D:7 *   Orc:2 ([**   Lair:2 =


Innate Abilities, Weirdness & Mutations

You have very sharp teeth.
Your uncanny sense of smell can sniff out nearby items.
Your experience applies equally to all skills.
You are frail. (-10% HP)


Message History

Your +2 spectral broad axe hits the radroach but does no damage.
Your +2 spectral broad axe hits the radroach.
Your +2 spectral broad axe hits the tarantella.
The tarantella barely misses your +2 spectral broad axe.
The jumping spider leaps!
The tarantella touches your +2 spectral broad axe but does no damage.
The radroach misses you. The radroach closely misses you.
A redback comes into view.
You slash your +2 spectral broad axe!
Your +2 spectral broad axe disappears.
The tarantella's many legs skitter faintly.
You hit the tarantella. You closely miss the radroach.
You barely miss the jumping spider.
Your +2 spectral broad axe barely misses the jumping spider.
Your +2 spectral broad axe hits the radroach but does no damage.
Your +2 spectral broad axe hits the tarantella but does no damage.
Your +2 spectral broad axe misses the tarantella.
Your +2 spectral broad axe hits the radroach but does no damage.
The tarantella closely misses you. The radroach bites you!
* * * LOW HITPOINT WARNING * * *
The radroach closely misses you.
The jumping spider pounces on you but does no damage.
The jumping spider bites you.
* * * LOW HITPOINT WARNING * * *
The tarantella closely misses you.
Your +2 spectral broad axe disappears.
The jumping spider leaps!
The tarantella attacks as it pursues you!
The tarantella touches you!
* * * LOW HITPOINT WARNING * * *
The radroach attacks as it pursues you! The radroach bites you!
* * * LOW HITPOINT WARNING * * *
The radroach closely misses you.
You are too confused!
Okay, then.
Okay, then.
You feel better. You block the tarantella's attack. The radroach misses you.
The radroach claws you!
You die...
Your body crumbles into a pile of gold.

~,,,~..^.≈#*#..#...##
##....#^..
~,,~≈≈≈.~≈≈*#..##.##
#..#####..
~~~~.≈≈≈≈.≈##..#### ####
#... ,,,,..~.~.≈≈..$.# ##..
,,~,≈≈≈.≈≈≈.^$.## #..#
~,,,~...≈#...$..# ###..#
,,,,~~≈~≈≈≈≈.$$.# ##.....
~,~~≈s≈..s....sB##****
##......
~~,,≈..........s@#*,,**
#.......
^~,,≈.^#####..#°.#∆,,,*
#.^..^##
,,,,≈..,,..s^.#.......#*
#####..#
~~~~≈.,,......#....##..#
#.#..
~,~,,,,,...#.....<...,**
##...
,,~,,,,,.s.....##.....*###
#...
,,~,,,**##.........#.###.##
##..
,,,,,,,,,**..(#....###....#
#^#.
,,,,,,,,,,#........^.....##
##..


You could see a radroach, 2 jumping spiders, a tarantella and a redback.

Vanquished Creatures
  An Ice Fiend (IceCv)
  Aizul (Spider:1)
  Roxanne (Spider:2)
  A ghost moth (Spider:1)
  A dire elephant (Lair:5)
  A spark wasp (Lair:2)
  An ettin (D:15)
  A vault guard (D:14)
  Fannar (D:11)
  3 caustic shrike simulacra (IceCv)
  A hydra (Lair:4)
  Erica (D:8)
  2 ogre magi (Orc:2)
  4 catoblepae
  A ghost crab (Spider:1)
  5 boulder beetles
  3 centaur warriors
  8 death yaks
  9 two-headed ogres
  A deep troll shaman (Lair:5)
  2 tengu warriors (D:13)
  Urug (Lair:2)
  2 demonic crawlers
  Nergalle (Orc:1)
  A fire crab (Lair:4)
  Sonja (Lair:5)
  2 skysharks (Lair:4)
  5 skeletal warriors
  Lodul (D:11)
  3 deep trolls
  3 orb spiders
  An arcanist (D:15)
  2 bog bodies (IceCv)
  An obsidian statue (IceCv)
  2 necromancers (D:15)
  Pikel (D:6)
  A lindwurm (shapeshifter) (Spider:2)
  A spriggan simulacrum (IceCv)
  2 steelbarb worms (Spider:2)
  8 ugly things (D:14)
  2 wolf spiders (Spider:2)
  2 oklob plants (Lair:2)
  2 cyclopes (Orc:2)
  5 black mambas
  14 elephants
  2 gargoyles
  6 torpor snails
  An orange demon (Lair:2)
  10 cane toads
  A kobold demonologist (D:13)
  8 komodo dragons
  A rime drake (Lair:4)
  3 freezing wraiths
  2 tengu conjurers (D:15)
  4 golden dragon simulacra (IceCv)
  18 trolls
  6 meliai
  6 polar bears
  4 tyrant leeches
  8 tarantellas
  3 dream sheep
  Prince Ribbit (D:7)
  5 blink frogs
  8 slime creatures
  2 wraiths
  A culicivora (Spider:1)
  11 jumping spiders
  A centaur simulacrum (D:14)
  A dire elephant simulacrum (IceCv)
  2 shadows (D:13)
  A vampire (D:10)
  12 wyverns
  47 yaks
  3 basilisks (D:8)
  4 humans (D:14)
  12 redbacks
  Grum (Lair:1)
  7 vampire mosquitoes
  2 minotaur simulacra (IceCv)
  A human (shapeshifter) (D:13)
  2 steam dragons
  2 wargs (Orc:1)
  A swamp worm (Lair:2)
  Edmund (D:6)
  The ghost of elliptic the Firebug, an amateur DECA of Ignis (D:3)
  An acid dragon (D:9)
  3 hydra simulacra (IceCv)
  17 water moccasins
  A nameless horror (Lair:2)
  Pargi (D:3)
  Duvessa (D:6)
  8 orc warriors
  2 sky beasts
  26 ogres
  19 wolves
  8 centaurs
  A phantom (D:6)
  4 kobold brigands
  3 gnoll sergeants
  16 bullfrogs
  5 scorpions
  3 wights (D:9)
  Dowan (D:6)
  19 killer bees
  3 howler monkeys
  4 electric eels
  5 hounds
  3 gnoll boudas
  12 orc priests
  2 iguanas
  A sleepcap (D:6)
  Natasha (thrice) (D:2)
  12 orc wizards
  Robin (D:2)
  23 gnolls
  9 adders
  2 shadow imps (D:7)
  2 white imps
  A worm (D:4)
  4 dart slugs
  59 orcs
  6 ball pythons
  4 bats
  10 endoplasms
  3 giant cockroaches
  11 goblins
  4 hobgoblins
  23 kobolds
  3 quokkas
  2 frilled lizards
  5 rats
  A spectral weapon (Spider:2)
682 creatures vanquished.

Vanquished Creatures (collateral kills)
  Nikola (Spider:1)
  An orc warlord (Orc:2)
  An ironbound thunderhulk (D:14)
  An entropy weaver (Spider:2)
  3 hydras
  A rakshasa (D:14)
  A boulder beetle (Lair:2)
  7 death yaks
  A pharaoh ant (Spider:1)
  An orb spider (Lair:2)
  A bog body (IceCv)
  An obsidian statue (IceCv)
  2 oklob plants (Lair:2)
  A cyclops (D:14)
  An ugly thing (D:14)
  A wolf spider (Spider:2)
  A black mamba (Lair:4)
  3 cane toads (Lair:2)
  A freezing wraith (IceCv)
  A komodo dragon (Lair:5)
  2 rime drakes
  A queen bee (Lair:1)
  A polar bear (Lair:2)
  6 blink frogs
  8 dream sheep
  A tarantella (Spider:2)
  A culicivora (Spider:2)
  7 jumping spiders
  A slime creature (D:12)
  A human (D:14)
  A wyvern (Lair:2)
  9 yaks
  5 basilisks
  4 redbacks
  4 vampire mosquitoes
  An acid dragon (D:12)
  A swamp worm (Lair:2)
  4 water moccasins
  3 orc warriors
  5 ogres
  8 wolves
  2 bullfrogs
  2 wights (D:9)
  5 killer bees
  2 nameless horrors
  2 orc priests
  An orc wizard (D:12)
  6 gnolls
  9 orcs
134 creatures vanquished.

Vanquished Creatures (others)
  A jorogumo (Spider:2)
  A boulder beetle (Lair:4)
  2 death yaks (Lair:5)
  Amaemon (Lair:2)
  A pharaoh ant (Spider:2)
  An orc sorcerer (Orc:2)
  A wolf spider (Spider:2)
  A kobold demonologist (D:11)
  A komodo dragon (Lair:2)
  A golden dragon simulacrum (IceCv)
  3 tyrant leeches
  A polar bear (Lair:5)
  2 dream sheep (Lair:4)
  3 tarantellas
  A blink frog (Lair:4)
  A yak (Lair:5)
  3 vampire mosquitoes (Spider:1)
  A redback (Spider:2)
  2 swamp worms (Lair:2)
  A water moccasin (Lair:2)
  An orc warrior (Orc:2)
  A swamp drake (D:8)
  An ettin simulacrum (IceCv)
  An ogre (Orc:2)
  2 wolves (Lair:3)
  138 foxfires
  16 spectral weapons
189 creatures vanquished.

Grand Total: 1005 creatures vanquished

Notes
Turn   | Place    | Note
-------+----------+-------------------------------------------
     0 | D:1      | croobank the Gnoll Monk began the quest for the Orb.
     0 | D:1      | Reached XP level 1. HP: 23/23 MP: 1/1
   146 | D:1      | Reached XP level 2. HP: 29/29 MP: 2/2
   433 | D:1      | Reached XP level 3. HP: 35/35 MP: 3/3
   688 | D:2      | Noticed Robin
   699 | D:2      | Killed Robin
   700 | D:2      | Reached skill level 1 in Invocations
   798 | D:2      | Reached skill level 1 in Long Blades
   798 | D:2      | Reached skill level 1 in Axes
   798 | D:2      | Reached skill level 1 in Maces & Flails
   798 | D:2      | Reached skill level 1 in Polearms
   798 | D:2      | Reached skill level 1 in Staves
   798 | D:2      | Reached skill level 1 in Ranged Weapons
   798 | D:2      | Reached skill level 1 in Throwing
   798 | D:2      | Reached skill level 1 in Armour
   798 | D:2      | Reached skill level 1 in Stealth
   798 | D:2      | Reached skill level 1 in Shields
   798 | D:2      | Reached skill level 1 in Unarmed Combat
   798 | D:2      | Reached skill level 1 in Spellcasting
   798 | D:2      | Reached skill level 1 in Evocations
   874 | D:2      | Noticed Natasha
   881 | D:2      | Killed Natasha
   882 | D:2      | Reached skill level 1 in Shapeshifting
   882 | D:2      | Reached XP level 4. HP: 35/41 MP: 5/5
   884 | D:2      | Noticed Natasha
   891 | D:2      | Killed Natasha
   892 | D:2      | Reached skill level 1 in Conjurations
   892 | D:2      | Reached skill level 1 in Hexes
   892 | D:2      | Reached skill level 1 in Summonings
   892 | D:2      | Reached skill level 1 in Necromancy
   892 | D:2      | Reached skill level 1 in Translocations
   892 | D:2      | Reached skill level 1 in Transmutations
   892 | D:2      | Reached skill level 1 in Fire Magic
   892 | D:2      | Reached skill level 1 in Ice Magic
   892 | D:2      | Reached skill level 1 in Air Magic
   892 | D:2      | Reached skill level 1 in Earth Magic
   892 | D:2      | Reached skill level 1 in Poison Magic
  1117 | D:2      | Noticed Natasha
  1128 | D:2      | Killed Natasha
  1129 | D:2      | Reached XP level 5. HP: 47/47 MP: 5/7
  1397 | D:3      | Found a runed translucent door.
  1397 | D:3      | Noticed elliptic's ghost (amateur DECA)
  1419 | D:3      | Found an ancient bone altar of Kikubaaqudgha.
  1419 | D:3      | Found a sacrificial altar of Ru.
  1440 | D:3      | Noticed Pargi
  1447 | D:3      | Killed Pargi
  1448 | D:3      | Reached XP level 6. HP: 49/53 MP: 8/8
  1482 | D:3      | Killed elliptic's ghost
  1873 | D:3      | Reached XP level 7. HP: 45/59 MP: 10/10
  2185 | D:3      | Found a broken altar of Ashenzari.
  2693 | D:4      | Found Uloenul's Antique Weapon Emporium.
  2918 | D:4      | Reached XP level 8. HP: 67/67 MP: 12/12
  3010 | D:4      | Found a stormy altar of Qazlal.
  3011 | D:4      | Identified the +1 mace "Inwietos" {flame, rF+}
  3284 | D:5      | Entered Level 5 of the Dungeon
  3353 | D:5      | Found Jica's Antique Weapon Shop.
  3655 | D:5      | You fall into a shaft and drop 3 floors!
  3704 | D:8      | Identified the ring of Heemaari {Fly AC+4 Str+2 Dex+2}
  4023 | D:7      | Found a snail-covered altar of Cheibriados.
  4671 | D:6      | Reached XP level 9. HP: 73/73 MP: 14/14
  4672 | D:6      | Noticed Edmund
  4681 | D:6      | Noticed Pikel
  4689 | D:6      | Killed Edmund
  4817 | D:6      | Killed Pikel
  4851 | D:6      | Found Uckire's Antique Armour Emporium.
  4939 | D:6      | Found a staircase to the Ecumenical Temple.
  4952 | D:6      | Noticed Duvessa
  4955 | D:6      | Noticed Dowan
  4975 | D:6      | Killed Duvessa
  4981 | Temple   | Entered the Ecumenical Temple
  5008 | Temple   | Became a worshipper of Gozag Ym Sagoz the Greedy
  5067 | D:6      | Killed Dowan
  5103 | D:6      | Reached skill level 5 in Invocations
  5135 | D:6      | Found a radiant altar of Vehumet.
  5141 | D:6      | Learned a level 3 spell: Stone Arrow
  5290 | D:6      | Identified the +7 spear of Yhockiat {vamp, Str+5 SInv}
  6139 | D:7      | Found a hide-covered altar of Uskayaw.
  6357 | D:7      | Noticed Prince Ribbit
  6379 | D:7      | Killed Prince Ribbit
  6441 | D:7      | Reached XP level 10. HP: 75/80 MP: 17/17
  6665 | D:7      | Reached skill level 5 in Long Blades
  6665 | D:7      | Reached skill level 5 in Axes
  6665 | D:7      | Reached skill level 5 in Maces & Flails
  6665 | D:7      | Reached skill level 5 in Polearms
  6665 | D:7      | Reached skill level 5 in Staves
  6665 | D:7      | Reached skill level 5 in Ranged Weapons
  6665 | D:7      | Reached skill level 5 in Throwing
  6665 | D:7      | Reached skill level 5 in Armour
  6665 | D:7      | Reached skill level 5 in Stealth
  6665 | D:7      | Reached skill level 5 in Shields
  6665 | D:7      | Reached skill level 5 in Unarmed Combat
  6665 | D:7      | Reached skill level 5 in Spellcasting
  6665 | D:7      | Reached skill level 5 in Evocations
  6688 | D:7      | Found Kati's Assorted Antiques.
  6696 | D:7      | Bought a brown potion for 27 gold pieces
  6696 | D:7      | Bought a purple potion for 27 gold pieces
  7154 | D:8      | Found a shadowy altar of Dithmenos.
  7483 | D:8      | Found a staircase to the Lair.
  7492 | D:8      | Noticed Erica
  7516 | D:8      | Killed Erica
  7517 | D:8      | Reached skill level 5 in Shapeshifting
  7630 | D:9      | Found a glowing silver altar of Zin.
  7759 | D:9      | Reached XP level 11. HP: 87/87 MP: 19/19
  7800 | D:9      | Noticed a centaur warrior
  7858 | D:9      | Killed a centaur warrior
  7859 | D:9      | Reached skill level 5 in Conjurations
  7859 | D:9      | Reached skill level 5 in Hexes
  7859 | D:9      | Reached skill level 5 in Summonings
  7859 | D:9      | Reached skill level 5 in Necromancy
  7859 | D:9      | Reached skill level 5 in Translocations
  7859 | D:9      | Reached skill level 5 in Transmutations
  7859 | D:9      | Reached skill level 5 in Fire Magic
  7859 | D:9      | Reached skill level 5 in Ice Magic
  7859 | D:9      | Reached skill level 5 in Air Magic
  7859 | D:9      | Reached skill level 5 in Earth Magic
  7859 | D:9      | Reached skill level 5 in Poison Magic
  7918 | D:9      | Identified the +6 sling "Qifem" {freeze, rF+ Str+3 Int+2}
  8103 | D:9      | Learned a level 4 spell: Summon Lightning Spire
  8595 | D:10     | Entered Level 10 of the Dungeon
  9051 | D:10     | Found a white marble altar of Elyvilon.
  9090 | D:10     | Found a blossoming altar of Fedhas.
  9750 | D:11     | Noticed Fannar
  9767 | D:11     | Killed Fannar
  9792 | D:11     | Noticed a boulder beetle
  9894 | D:11     | Killed a boulder beetle
 10073 | D:11     | Found a staircase to the Orcish Mines.
 10331 | D:11     | Noticed Lodul
 10363 | D:11     | Reached XP level 12. HP: 88/96 MP: 1/22
 10383 | D:11     | Killed Lodul
 11646 | D:12     | Noticed a boulder beetle
 11672 | D:12     | Killed a boulder beetle
 11673 | D:12     | Reached skill level 10 in Fighting
 11673 | D:12     | Reached skill level 10 in Short Blades
 11673 | D:12     | Reached skill level 10 in Dodging
 12083 | Lair:1   | Entered Level 1 of the Lair of Beasts
 12923 | Lair:1   | Noticed Grum
 12987 | Lair:1   | Killed Grum
 13543 | Lair:2   | Reached XP level 13. HP: 104/104 MP: 16/24
 13712 | Lair:2   | Found a shimmering blue altar of Sif Muna.
 13714 | Lair:2   | Noticed Urug
 13751 | Lair:2   | Killed Urug
 14444 | Lair:2   | Learned a level 3 spell: Call Canine Familiar
 14448 | Lair:2   | Learned a level 3 spell: Summon Guardian Golem
 14587 | Lair:2   | Noticed Amaemon
 14631 | Lair:2   | Killed Amaemon
 14953 | Lair:2   | Found a hole to the Spider Nest.
 15258 | Lair:2   | Learned a level 4 spell: Iskenderun's Mystic Blast
 15615 | Lair:2   | Found a staircase to the Swamp.
 16055 | Lair:3   | Identified the of Neqooseq
 16114 | Lair:3   | Identified the +6 war axe of Plunder {drain, rF+ rC- Dex+2}
 16671 | Lair:3   | Reached XP level 14. HP: 113/113 MP: 11/27
 17497 | Lair:4   | Reached skill level 10 in Invocations
 20281 | Lair:5   | Entered Level 5 of the Lair of Beasts
 20281 | Lair:5   | Noticed Sonja
 20307 | Lair:5   | Killed Sonja
 20308 | Lair:5   | Reached XP level 15. HP: 53/120 MP: 20/28
 20426 | Lair:5   | Reached skill level 10 in Long Blades
 20426 | Lair:5   | Reached skill level 10 in Axes
 20426 | Lair:5   | Reached skill level 10 in Maces & Flails
 20426 | Lair:5   | Reached skill level 10 in Polearms
 20426 | Lair:5   | Reached skill level 10 in Staves
 20426 | Lair:5   | Reached skill level 10 in Ranged Weapons
 20426 | Lair:5   | Reached skill level 10 in Throwing
 20426 | Lair:5   | Reached skill level 10 in Armour
 20426 | Lair:5   | Reached skill level 10 in Stealth
 20426 | Lair:5   | Reached skill level 10 in Shields
 20426 | Lair:5   | Reached skill level 10 in Unarmed Combat
 20426 | Lair:5   | Reached skill level 10 in Spellcasting
 20426 | Lair:5   | Reached skill level 10 in Evocations
 20780 | Lair:5   | Found a viscous altar of Jiyva.
 20784 | Lair:5   | Found a staircase to the Slime Pits.
 21752 | Lair:5   | Identified the ring of Liufror {Will+ Dex+6}
 22368 | D:13     | Identified the +2 broad axe of Irritation {vamp, Str+3}
 23678 | D:14     | Found a glowing golden altar of the Shining One.
 23814 | D:14     | Found an opulent altar of Gozag.
 23867 | D:14     | Reached XP level 16. HP: 55/129 MP: 30/30
 23875 | D:14     | Found a gate to the Vaults.
 24025 | D:15     | Entered Level 15 of the Dungeon
 24237 | D:15     | Found a staircase to the Depths.
 24612 | D:15     | Reached skill level 10 in Shapeshifting
 24768 | D:15     | Found an iron altar of Okawaru.
 24918 | Orc:1    | Entered Level 1 of the Orcish Mines
 24918 | Orc:1    | Noticed Nergalle
 24931 | Orc:1    | Killed Nergalle
 25009 | Orc:2    | Entered Level 2 of the Orcish Mines
 25009 | Orc:2    | Found a staircase to the Elven Halls.
 25300 | Orc:2    | Found Xaaghou's Armour Shop.
 25302 | Orc:2    | Found Rymik Hum's Weapon Shoppe.
 25567 | Orc:2    | Found Dipneos's Assorted Antiques.
 25586 | Orc:2    | Found Haoblaem's Assorted Antiques.
 25602 | Orc:2    | Bought 2 potions of haste for 600 gold pieces
 26117 | Spider:1 | Entered Level 1 of the Spider Nest
 26848 | Spider:1 | Noticed Aizul
 26882 | Spider:1 | Killed Aizul
 27866 | Spider:1 | Noticed Nikola
 27942 | Lair:2   | Bought the ring "Qoocitoq" {*Corrode Fly rElec MP+9 EV+5}
                  | for 784 gold pieces
 28071 | Spider:1 | Killed Nikola
 28610 | Spider:2 | Noticed Roxanne
 28750 | Spider:2 | Found a frozen archway.
 28777 | Spider:2 | Killed Roxanne
 28824 | IceCv    | Entered an ice cave
 28831 | IceCv    | Learned a level 1 spell: Foxfire
 28834 | IceCv    | Reached XP level 17. HP: 97/136 MP: 30/32
 28946 | IceCv    | Gained mutation: You are frail. (-10% HP) [a neqoxec]
 29380 | IceCv    | Noticed an Ice Fiend
 29410 | IceCv    | Killed an Ice Fiend
 29953 | Spider:2 | HP: 6/123 [redback (8)]
 30664 | Spider:2 | Reached skill level 10 in Conjurations
 30664 | Spider:2 | Reached skill level 10 in Hexes
 30664 | Spider:2 | Reached skill level 10 in Summonings
 30664 | Spider:2 | Reached skill level 10 in Necromancy
 30664 | Spider:2 | Reached skill level 10 in Translocations
 30664 | Spider:2 | Reached skill level 10 in Transmutations
 30664 | Spider:2 | Reached skill level 10 in Fire Magic
 30664 | Spider:2 | Reached skill level 10 in Ice Magic
 30664 | Spider:2 | Reached skill level 10 in Air Magic
 30664 | Spider:2 | Reached skill level 10 in Earth Magic
 30664 | Spider:2 | Reached skill level 10 in Poison Magic
 30757 | Lair:2   | Bought the amulet of Untruth {Reflect rF+++ Dex-3 Slay+2
                  | SH+5} for 889 gold pieces
 30881 | Spider:2 | HP: 2/123 [radroach (15)]
 30882 | Spider:2 | Slain by a radroach

Illustrated notes

Levels and vault maps discovered:
D:1:      dpeg_arrival_tiny_h, layout_loops_ring
D:2:      layout_loops_ring, serial_glass, glass_columns_b, glass_columns_a,
          uniq_natasha, uniq_robin
D:3:      layout_loops_ring, gammafunk_temple_overflow_statue,
          mainiacjoe_overflow_alcove_1, hellmonk_ghost_happy_afterlife,
          chequers_serial_rivers_large_a, kennysheep_generic_room_8, uniq_pargi
D:4:      layout_basic, grunt_qazlal_clouds, nrook_campfire, glass_columns_c,
          kennysheep_small_square
D:5:      layout_basic, serial_shops, shop_statue, minivault_19
D:6:      layout_basic, vehumet_crystals, minmay_temple_entry_large_hall,
          serial_shops, shop, uniq_duvessa, uniq_edmund, uniq_pikel
D:7:      layout_loops_cross, kennysheep_slug_shrine,
          nicolae_uskayaw_murder_on_the_dancefloor, serial_shops, shop,
          minmay_misc_feat_nine_boxes, grunt_decor_cap, uniq_prince_ribbit1
D:8:      layout_basic, kennysheep_little_box, erik_lair_dragon,
          nicolae_concentric_dashed_squares_mild, uniq_erica
D:9:      layout_loops_ring, mainiacjoe_overflow_catwalk, kennysheep_island_fort
D:10:     layout_basic, nicolae_elyvilon_temple_path,
          mainiacjoe_overflow_tiny_flanked
D:11:     layout_irregular_city, david_orc_2, uniq_lodul, uniq_fannar
D:12:     layout_stronghold
D:13:     layout_loops_cross
D:14:     layout_rooms, hellmonk_vaults_keyhole, nicolae_tso_carved_into_rock,
          nicolae_gozag_cash_rules_everything_around_me
D:15:     hangedman_depths_entry_civil_slaughter, layout_basic,
          hellmonk_okawaru_the_only_friend_you_need
Temple:   hellmonk_temple_of_storms
Lair:1:   layout_gridlike, special_room [special_room_bee], uniq_grum
Lair:2:   minmay_lair_oklob_tunnel, layout_regular_city,
          minmay_swamp_entry_worms, nicolae_spider_entry_orb_guardian,
          basic_altar, beast_lair_carwin_2, uniq_urug, uniq_amaemon
Lair:3:   layout_cellular_growth, minivault_23
Lair:4:   nzn_winding_woodlands_huge [nzn_winding_woodlands_5x15_lazy_stream,
          nzn_winding_woodlands_5x15_pathside_ponds,
          nzn_winding_woodlands_5x15_cabin,
          nzn_winding_woodlands_5x15_longhouse, nzn_winding_woodlands_5x15_pool,
          nzn_winding_woodlands_5x15_sidewinder,
          nzn_winding_woodlands_5x15_river_crossing,
          nzn_winding_woodlands_5x15_garden, nzn_winding_woodlands_5x15_crooked,
          nzn_winding_woodlands_5x15_jagged,
          nzn_winding_woodlands_center_diamonds,
          nzn_winding_woodlands_center_garden,
          nzn_winding_woodlands_15x15_thick_spiral], layout_regular_city
Lair:5:   grunt_lair_end_beastmaster, layout_regular_city,
          dpeg_slime_entry_corner, uniq_sonja
Spider:1: layout_cave_pods, nicolae_spider_swamp_cousins, uniq_aizul,
          uniq_nikola
Spider:2: nicolae_spider_jumping_over_cracks [nicolae_spider_jumping_sub_pools,
          nicolae_spider_jumping_sub_divot, nicolae_spider_jumping_sub_lake,
          nicolae_spider_jumping_sub_no_exit], ebering_ghost_disaster_area,
          portal_ice_cave_entry_pillars_1, hellmonk_deceptive_appearances,
          uniq_roxanne
Orc:1:    layout_diamond_mine, nicolae_orc_lost_temple, uniq_nergalle
Orc:2:    st_orc_open, layout_diamond_mine

Skill      XL: |  1  2  3  4  5  6  7  8  9 10 11 12 13 14 15 16 17 |
---------------+----------------------------------------------------+-----
Invocations    | 1 2 3 4 5 6 7 8 9 10 11 12 | 12.8
Long Blades    | 1 2 3 4 5 6 7 9 10 11 | 11.8
Axes           | 1 2 3 4 5 6 7 9 10 11 | 11.8
Maces & Flails | 1 2 3 4 5 6 7 9 10 11 | 11.8
Polearms       | 1 2 3 4 5 6 7 9 10 11 | 11.8
Staves         | 1 2 3 4 5 6 7 9 10 11 | 11.8
Ranged Weapons | 1 2 3 4 5 6 7 9 10 11 | 11.8
Throwing       | 1 2 3 4 5 6 7 9 10 11 | 11.8
Armour         | 1 2 3 4 5 6 7 9 10 11 | 11.8
Stealth        | 1 2 3 4 5 6 7 9 10 11 | 11.8
Shields        | 1 2 3 4 5 6 7 9 10 11 | 11.8
Unarmed Combat | 1 2 3 4 5 6 7 9 10 11 | 11.8
Spellcasting   | 1 2 3 4 5 6 7 9 10 11 | 11.8
Evocations     | 1 2 3 4 5 6 7 9 10 11 | 11.8
Shapeshifting  | 1 2 3 4 5 6 7 8 9 10 | 10.9
Conjurations   | 1 2 3 4 5 6 7 8 9 10 | 10.0
Hexes          | 1 2 3 4 5 6 7 8 9 10 | 10.0
Summonings     | 1 2 3 4 5 6 7 8 9 10 | 10.0
Necromancy     | 1 2 3 4 5 6 7 8 9 10 | 10.0
Translocations | 1 2 3 4 5 6 7 8 9 10 | 10.0
Transmutations | 1 2 3 4 5 6 7 8 9 10 | 10.0
Fire Magic     | 1 2 3 4 5 6 7 8 9 10 | 10.0
Ice Magic      | 1 2 3 4 5 6 7 8 9 10 | 10.0
Air Magic      | 1 2 3 4 5 6 7 8 9 10 | 10.0
Earth Magic    | 1 2 3 4 5 6 7 8 9 10 | 10.0
Poison Magic   | 1 2 3 4 5 6 7 8 9 10 | 10.0
Fighting       | 7 8 9 10 11 12 13 | 13.4
Short Blades   | 7 8 9 10 11 12 13 | 13.4
Dodging        | 7 8 9 10 11 12 13 | 13.4

Action                     |  1- 3 |  4- 6 |  7- 9 | 10-12 | 13-15 | 16-18 || total
---------------------------+-------+-------+-------+-------+-------+-------++-------
  Melee: Short sword       |    31 |       |       |       |       |       ||    31
         Bite              |    11 |     6 |    58 |   134 |   178 |    72 ||   459
         Dagger            |    42 |    84 |   387 |    38 |       |       ||   551
         Punch             |       |       |     7 |    36 |       |       ||    43
         Spear             |       |       |    72 |  1030 |   342 |       ||  1444
         War axe           |       |       |       |    14 |       |    22 ||    36
         Broad axe         |       |       |       |    12 |   578 |   412 ||  1002
         Staff             |       |       |       |       |    34 |     4 ||    38
         Scimitar          |       |       |       |       |     6 |       ||     6
   Fire: Sling             |       |       |       |     4 |       |     3 ||     7
  Throw: Dart              |       |       |     5 |       |       |       ||     5
         Throwing net      |       |       |       |    12 |       |       ||    12
   Cast: Stone Arrow       |       |       |    11 |     1 |    11 |     7 ||    30
         Summon Lightning  |       |       |       |    40 |    92 |    40 ||   172
         Call Canine Famil |       |       |       |       |    35 |    22 ||    57
         Summon Guardian G |       |       |       |       |    28 |    22 ||    50
         Foxfire           |       |       |       |       |       |    77 ||    77
         Iskenderun's Myst |       |       |       |       |       |     1 ||     1
 Invoke: Potion Petition   |       |       |       |       |     5 |     4 ||     9
         Call Merchant     |       |       |       |       |       |     1 ||     1
  Evoke: Wand              |       |       |       |     7 |    16 |     2 ||    25
    Use: Scroll            |       |     2 |     8 |     7 |    20 |     9 ||    46
         Potion            |       |       |       |     3 |     6 |     7 ||    16
   Stab: Sleeping          |       |     1 |     8 |    13 |    17 |     6 ||    45
         Distracted        |       |       |     1 |    18 |    36 |    19 ||    74
         Held in net/web   |       |       |       |     7 |       |       ||     7
         Invisible         |       |       |       |     3 |     5 |     5 ||    13
         Paralysed         |       |       |       |     1 |     5 |       ||     6
 Armour: Robe              |    25 |    24 |    77 |       |       |       ||   126
         Leather armour    |       |       |    40 |   375 |   584 |   339 ||  1338
         Skin              |       |       |       |       |       |    38 ||    38
  Dodge: Dodged            |    43 |    38 |   257 |   784 |   626 |   426 ||  2174
  Block: Buckler           |       |       |       |   160 |   280 |   212 ||   652

Table legend: (Time is in decaauts)
 A = Elapsed time spent in this place.
 B = Non-inter-level travel time spent in this place.
 C = Inter-level travel time spent in this place.
 D = Time resting spent in this place.
 E = Time spent auto-exploring this place.
 F = Levels seen in this place.
 G = Mean time per level.
                   A        B        C        D        E       F      G
               +--------+--------+--------+--------+--------+-----+--------+
         Total |  30434 |  28581 |   1853 |   4280 |  16142 |  26 | 1170.5 |
       Dungeon |  14582 |  13707 |    875 |   1115 |   9335 |  15 |  972.1 |
        Temple |     68 |     57 |     11 |     18 |      0 |   1 |   68.0 |
          Lair |  10612 |   9993 |    619 |   2015 |   4959 |   5 | 2122.4 |
   Spider Nest |   3061 |   2759 |    302 |    611 |   1138 |   2 | 1530.5 |
  Orcish Mines |   1063 |   1018 |     45 |     76 |    635 |   2 |  531.5 |
      Ice Cave |   1045 |   1045 |      0 |    445 |     74 |   1 | 1045.0 |
               +--------+--------+--------+--------+--------+-----+--------+

Top non-repeatable levels by time:
  Lair:2: 3145 daAuts
  Lair:4: 2888 daAuts
Spider:1: 2080 daAuts
  Lair:5: 1653 daAuts
  Lair:3: 1489 daAuts
  Lair:1: 1435 daAuts
     D:6: 1259 daAuts
     D:8: 1235 daAuts
    D:10: 1174 daAuts
    D:11: 1166 daAuts
    D:12: 1096 daAuts
    D:13: 1066 daAuts
   IceCv: 1045 daAuts
Spider:2: 981 daAuts
     D:9: 964 daAuts
